 Dungeon Crawl Stone Soup version 0.31.0-11-ge490571c62 (webtiles) character file.

Game seed: 16407269666282656971

41899 iamserjio the Earth Mage (level 14, -2/108 HPs)
             Began as a Gargoyle Earth Elementalist on Jan 28, 2024.
             Was an Elder of Sif Muna.
             Slain by a tentacled starspawn (21 damage)
             ... on level 3 of the Abyss.
             The game lasted 00:49:36 (22057 turns).

iamserjio the Earth Mage (GrEE)                    Turns: 22057, Time: 00:49:36

Health: -2/108     AC: 27    Str: 12    XL:     14   Next: 17%
Magic:  25/29      EV:  2    Int: 21    God:    Sif Muna [****..]
Gold:   1170       SH:  4    Dex:  6    Spells: 13/36 levels left

rFire   . . .        E - staff of Indignation {Conj Necro}
rCold   . . .        f - +0 buckler
rNeg    + . .        k - melded +2 robe {rF+}
rPois   ∞            A - melded +0 helmet "Eto Luud" {+Inv rF- Int+8 Dex+4}
rElec   .            R - melded +0 cloak
rCorr   .            l - melded +1 pair of gloves
SInv    .            x - melded +0 pair of boots
Will    +....        n - amulet of magic regeneration
Stlth   +            u - +5 ring of evasion
HPRegen 0.38/turn    K - ring of willpower
MPRegen 0.61/turn

%: no passive effects
@: mighty, brilliant, tree-form, weak-willed
A: stationary, stasis, torment immunity, boosted hp, sickness immunity, AC +10,
(big wings), negative energy resistance 1, (electricity resistance), torment
resistance 1, petrification resistance, frail 1, (cold vulnerability 1), [clumsy
2], [no potion heal 2], ([heat vulnerability 1])
a: Renounce Religion, Channel Magic, Forget Spell, Divine Exegesis


You were on level 3 of the Abyss.
You worshipped Sif Muna.
Sif Muna was greatly pleased with you.
You were a tree.
You visited 2 branches of the dungeon, and saw 16 of its levels.
You visited the Abyss 1 time.

You collected 1170 gold pieces.

Inventory:

Hand Weapons
 i - a +3 dagger of venom
 O - a +4 scimitar of flaming
 P - a +2 trident of distortion
Missiles
 M - 4 curare-tipped darts
Armour
 f - a +0 buckler (worn)
 k - a +2 robe of fire resistance (melded)
 l - a +1 pair of gloves (melded)
 o - a +0 kite shield
 x - a +0 pair of boots (melded)
 A - the +0 helmet "Eto Luud" (melded) {+Inv rF- Int+8 Dex+4}
   (You found it on level 3 of the Dungeon)

   Int+8:     It affects your intelligence (+8).
   Dex+4:     It affects your dexterity (+4).
   rF-:       It makes you vulnerable to fire.
   +Inv:      It lets you turn invisible.
 R - a +0 cloak (melded)
Magical Staves
 E - the staff of Indignation (weapon) {Conj Necro}
   (You acquired it on level 5 of the Dungeon)

   [staff of conjuration]

   Base accuracy: +5 Base damage: 5 Base attack delay: 1.2 This weapon's minimum
   attack delay (0.6) is reached at skill level 12.
   Conj:      It increases the power of your Conjurations spells.
   Necro:     It increases the power of your Necromancy spells.
   It falls into the 'Staves' category.
   It is a one-handed weapon.
Jewellery
 n - an amulet of magic regeneration (around neck)
 t - a ring of positive energy
 u - a +5 ring of evasion (left branch)
 w - a ring of see invisible
 D - an amulet of the acrobat
 G - a +5 ring of evasion
 K - a ring of willpower (right branch)
 S - a +4 ring of slaying
 X - a ring of fire
 Z - a ring of protection from cold
Wands
 a - a wand of charming (7)
 j - a wand of polymorph (1)
 H - a wand of mindburst (5)
 I - a wand of acid (14) {@v1}
 J - a wand of roots (18)
 V - a wand of flame (1)
Scrolls
 g - 6 scrolls of teleportation {@r3}
 h - 3 scrolls of fog
 r - 4 scrolls of poison
 s - 4 scrolls of revelation
 v - 3 scrolls of summoning
 y - 4 scrolls of blinking {@r4}
 B - a scroll of immolation
 L - a scroll of vulnerability
 N - a scroll of amnesia
 W - a scroll of silence
Potions
 b - a potion of magic
 d - 4 potions of heal wounds {@q2}
 e - 4 potions of enlightenment
 m - 3 potions of curing {@q1}
 p - a potion of haste {@q4}
 q - 3 potions of brilliance
 z - 2 potions of invisibility
 C - a potion of berserk rage
 Q - a potion of mutation
 Y - 3 potions of attraction


   Skills:
 * Level 6.0 Fighting
 * Level 3.8 Dodging
 - Level 2.1 Stealth
 - Level 5.0 Shields
 - Level 11.6 Spellcasting
 - Level 13.2 Conjurations
 * Level 1.4 Translocations
 - Level 15.0 Earth Magic
 - Level 2.0 Alchemy
 - Level 6.0 Invocations
 - Level 5.0 Evocations


You had 13 spell levels left.
You knew the following spells:

 Your Spells              Type           Power      Damage    Failure   Level
a - Sandblast             Erth           100%       2d20      0%          1
b - Stone Arrow           Conj/Erth      100%       3d13      1%          3
c - Brom's Barrelling Bo  Conj/Erth      100%       2d11      1%          4
d - Passwall              Erth           85%        N/A       1%          3
e - Petrify               Alch/Erth      64%        N/A       2%          4
f - Blink                 Tloc           54%        N/A       6%          2
g - Summon Cactus Giant   Summ           9%         N/A       100%        6

Your spell library contained the following spells:

 Spells                   Type           Power      Damage    Failure   Level
 Magic Dart               Conj           100%       1d8       1%          1
 Shock                    Conj/Air       100%       1d9       1%          1
 Searing Ray              Conj           100%       2d8       1%          2
 Dazzling Flash           Conj/Hex       100%       N/A       1%          3
 Hailstorm                Conj/Ice       74%        3d13      1%          3
 Fulminant Prism          Conj/Alch      39%        3d17      3%          4
 Flame Wave               Conj/Fire      74%        2d16      4%          4
 Call Imp                 Summ           36%        N/A       11%         2
 Ensorcelled Hibernation  Hex/Ice        36%        N/A       11%         2
 Scorch                   Fire           36%        2d6       11%         2
 Volatile Blastmotes      Fire/Tloc      44%        2d13      16%         3
 Summon Ice Beast         Ice/Summ       18%        N/A       22%         3
 Swiftness                Air            18%        N/A       22%         3
 Ignite Poison            Fire/Alch      24%        N/A       43%         4
 Sticky Flame             Fire/Alch      24%        2d6       43%         4
 Airstrike                Air            9%         2d(2-18)  56%         4
 Starburst                Conj/Fire      37%        6d11      58%         6
 Sculpt Simulacrum        Ice/Alch       12%        N/A       100%        6
 Ignition                 Fire           9%         3d5       100%        8
 Maxwell's Capacitive Co  Air            9%         ∞         100%        8


Dungeon Overview and Level Annotations

Branches:
Dungeon (15/15)            Temple (1/1) D:5            Lair (0/5) D:8
    Orc (0/2) D:9          Vaults (0/5) D:13
 Depths: D:15

Altars:
Ashenzari
Cheibriados
Dithmenos
Elyvilon
Fedhas
Gozag
Hepliaklqana
Kikubaaqudgha
Makhleb
Nemelex Xobeh
Okawaru
Qazlal
Ru
Sif Muna
Trog
Uskayaw
Vehumet
Wu Jian
Xom
Yredelemnul
Zin
The Shining One
Jiyva

Shops:
D:6 ?   D:7 (   D:10 *   D:11 (

Portals:
Trove: D:13 (give 2 scrolls of acquirement)

Annotations:
D:2 1 runed translucent door, Crazy Yiuf
D:13 3 runed translucent doors, Zuneoj's ghost, journeyman TrCK
D:15 Louise


Innate Abilities, Weirdness & Mutations

You are a tree.
Your roots penetrate the ground, keeping you stationary.
You cannot be teleported.
You are immune to unholy pain and torment.
Your maximum health is greatly increased.
Your equipment is partially melded.
You are immune to sickness and miasma.
((Your stone body is resilient. (AC +10)))
You are immune to poison.
((Your large and strong wings let you fly.))
You resist negative energy. (rN+)
((You are resistant to electric shocks. (rElec)))
You are resistant to unholy torment.
You are immune to petrification.
You are frail. (-10% HP)
((You are vulnerable to cold. (rC-)))
[You are very clumsy. (Dex -4)]
[Potions cannot restore your health.]
[((You are vulnerable to heat. (rF-)))]


Message History

Casting: Stone Arrow (safe; 1% risk of failure)
Aiming: Stone Arrow (safe; 1% risk of failure)
Press: ? - help, Shift-Dir - straight line, f/p - wretched star
Aim: a wretched star (almost destroyed, 78% to hit)
You feel a strong surge of power!
The stone arrow hits the wretched star!
You destroy the wretched star!
Sif Muna accepts your kill. The starspawn tentacle grabs you.
The starspawn tentacle constricts you.
* * * LOW HITPOINT WARNING * * *
You feel the corruption within you wane somewhat.
You feel less vulnerable to heat.
You feel a little less angry.
You feel a little more calm.
Your Fighting skill increases to level 6!
Magic courses through your body. The starspawn tentacle constricts you.
Something loses its grip on you.
Casting: Stone Arrow (safe; 1% risk of failure)
Aiming: Stone Arrow (safe; 1% risk of failure)
Press: ? - help, Shift-Dir - straight line, f - starspawn tentacle
Aim: a starspawn tentacle (100% to hit)
You feel a strong surge of power!
The stone arrow hits the starspawn tentacle!!
You destroy the starspawn tentacle!
Casting: Stone Arrow (safe; 1% risk of failure)
Aiming: Stone Arrow (safe; 1% risk of failure)
Press: ? - help, Shift-Dir - straight line, f - tentacled starspawn
Aim: a tentacled starspawn (lightly damaged, 92% to hit)
You feel a strong surge of power!
The stone arrow hits the tentacled starspawn!
The tentacled starspawn bites you!
* * * LOW HITPOINT WARNING * * *
The tentacled starspawn tentacle-slaps you.
* * * LOW HITPOINT WARNING * * *
Casting: Stone Arrow (safe; 1% risk of failure)
Aiming: Stone Arrow (safe; 1% risk of failure)
Press: ? - help, Shift-Dir - straight line, f/p - tentacled starspawn
Aim: a tentacled starspawn (lightly damaged, 92% to hit)
You feel a strong surge of power!
The stone arrow hits the tentacled starspawn!!
The tentacled starspawn bites you!!
You die...

w... .#. # #
..# #.#. ...
## #.## . .
. . #│ .
###. ## # X
. .#.. ..# #
#..
###*.#... ..
.
##h##.X#...#
X###w#X##
.##..w\#♣#
.# .####w##
. . ### .#..
...


You could see 2 tentacled starspawn and a starspawn tentacle.

Vanquished Creatures
  A cacodemon (Abyss:3)
  Azrael (D:13)
  Josephine (D:15)
  A hydra (D:10)
  10 two-headed ogres
  A boulder beetle (D:13)
  7 centaur warriors
  A tengu warrior (D:10)
  A deep elf knight (D:13)
  A wretched star (Abyss:3)
  5 skeletal warriors
  2 glowing orange brains (Abyss:3)
  2 arcanists
  2 deep elf zephyrmancers (D:13)
  Pikel (D:7)
  A deep elf pyromancer (D:11)
  An elephant (D:8)
  3 cyclopes
  3 centaur skeletons (D:13)
  A gargoyle (D:13)
  2 freezing wraiths (D:15)
  2 efreet
  A komodo dragon (D:8)
  5 trolls
  A hellwing (Abyss:3)
  Grinder (D:4)
  2 hornets (D:10)
  A raiju (shapeshifter) (D:10)
  A centaur simulacrum (D:15)
  3 slime creatures (D:15)
  18 yaks
  A shadow (D:10)
  2 wraiths (D:10)
  4 wyverns
  3 vampires
  Eustachio (D:6)
  2 wargs (D:9)
  4 basilisks
  3 fire elementals (D:13)
  A steam dragon (D:8)
  A small abomination (Abyss:3)
  4 vampire mosquitoes (D:13)
  A water moccasin (D:6)
  Menkaure (D:4)
  2 acid dragons
  A hell hound (D:13)
  7 orc warriors
  A sky beast (shapeshifter) (D:14)
  A sky beast (D:7)
  A black bear (D:5)
  2 ogres
  21 centaurs
  A boggart (D:13)
  A lemure (D:6)
  A phantom (D:5)
  6 kobold brigands
  Blork the orc (D:6)
  A gnoll sergeant (D:9)
  7 scorpions
  6 bullfrogs
  10 wights
  16 killer bees
  7 howler monkeys
  3 electric eels (D:13)
  A bombardier beetle (D:5)
  A quasit (Abyss:3)
  3 hounds
  6 orc priests
  4 jellies
  3 iguanas
  A sleepcap (D:5)
  A gnoll bouda (D:9)
  7 orc wizards
  Natasha (thrice) (D:4)
  16 gnolls
  11 adders
  An ufetubus (D:5)
  4 dart slugs
  3 ribbon worms
  37 orcs
  4 ball pythons
  8 endoplasms
  2 giant cockroaches
  5 goblins
  10 hobgoblins
  7 jackals
  23 kobolds
  7 quokkas
  9 bats
  4 frilled lizards
  3 rats
  2 starspawn tentacles (Abyss:3)
393 creatures vanquished.

Vanquished Creatures (collateral kills)
  A centaur skeleton (D:13)
  2 hell hounds (D:13)
  A centaur (D:13)
  A kobold (D:13)
  27 boulders
32 creatures vanquished.

Vanquished Creatures (others)
  22 boulders
  11 starspawn tentacles (Abyss:3)
33 creatures vanquished.

Grand Total: 458 creatures vanquished

Notes
Turn   | Place    | Note
-------+----------+-------------------------------------------
     0 | D:1      | iamserjio the Gargoyle Earth Elementalist began the quest
                  | for the Orb.
     0 | D:1      | Reached XP level 1. HP: 10/10 MP: 3/3
   187 | D:1      | Reached XP level 2. HP: 15/15 MP: 0/5
   274 | D:1      | Reached skill level 4 in Earth Magic
   901 | D:1      | Reached XP level 3. HP: 19/19 MP: 4/6
  1047 | D:1      | Learned a level 3 spell: Stone Arrow
  1372 | D:2      | Reached XP level 4. HP: 24/24 MP: 4/7
  1712 | D:2      | Reached skill level 5 in Earth Magic
  1877 | D:2      | Found a runed translucent door.
  1878 | D:2      | Noticed Crazy Yiuf
  2041 | D:3      | Reached XP level 5. HP: 28/28 MP: 7/9
  2377 | D:3      | Identified the +0 helmet "Eto Luud" {+Inv rF- Int+8 Dex+4}
  2576 | D:3      | Reached skill level 6 in Earth Magic
  2723 | D:3      | Learned a level 4 spell: Brom's Barrelling Boulder
  2769 | D:4      | You fall into a shaft and drop 2 floors!
  2806 | D:6      | Found Ajilir's Magic Scroll Shoppe.
  2848 | D:5      | Entered Level 5 of the Dungeon
  2852 | D:5      | Noticed a phantom
  2863 | D:5      | Killed a phantom
  2864 | D:5      | Reached skill level 1 in Fighting
  2864 | D:5      | Reached XP level 6. HP: 34/34 MP: 6/11
  3097 | D:4      | Noticed Natasha
  3097 | D:4      | Noticed Menkaure
  3145 | D:4      | Killed Natasha
  3149 | D:4      | Killed Menkaure
  3150 | D:4      | Reached XP level 7. HP: 36/40 MP: 6/12
  3723 | D:4      | Noticed Grinder
  3728 | D:4      | Paralysed by Grinder for 2 turns
  3730 | D:4      | Killed Grinder
  3731 | D:4      | Reached skill level 7 in Earth Magic
  3863 | D:4      | Found a basalt altar of Yredelemnul.
  3894 | D:4      | Noticed Natasha
  3902 | D:4      | Killed Natasha
  3903 | D:4      | Reached XP level 8. HP: 46/46 MP: 11/14
  4498 | D:4      | Found a basalt altar of Yredelemnul.
  4533 | D:4      | Noticed Natasha
  4539 | D:4      | Killed Natasha
  4929 | D:5      | Reached skill level 5 in Conjurations
  4949 | D:5      | Found a sacrificial altar of Ru.
  5175 | D:5      | Found a faded altar of an unknown god.
  5177 | D:5      | Found a staircase to the Ecumenical Temple.
  5238 | Temple   | Entered the Ecumenical Temple
  5253 | Temple   | Became a worshipper of Sif Muna the Loreminder
  5435 | D:5      | Reached skill level 5 in Spellcasting
  5560 | D:5      | Reached skill level 8 in Earth Magic
  5619 | D:5      | Found a glowing golden altar of the Shining One.
  5694 | D:5      | Found an ornate altar of the Wu Jian Council.
  5694 | D:5      | Found a stormy altar of Qazlal.
  5787 | D:5      | Identified a scroll of acquirement
  5792 | D:5      | Learned a level 3 spell: Passwall
  5996 | D:6      | Reached skill level 5 in Fighting
  5996 | D:6      | Reached XP level 9. HP: 54/54 MP: 14/17
  6129 | D:6      | Reached * piety under Sif Muna
  6452 | D:6      | Noticed Eustachio
  6959 | D:6      | Noticed Blork the orc
  6961 | D:6      | Killed Eustachio
  6962 | D:6      | Reached skill level 9 in Earth Magic
  6966 | D:6      | Killed Blork the orc
  7097 | D:6      | Found an ancient bone altar of Kikubaaqudgha.
  7492 | D:7      | Noticed Pikel
  7568 | D:7      | Found Uhagh's Antique Weapon Shop.
  7946 | D:7      | Killed Pikel
  7947 | D:7      | Reached skill level 10 in Earth Magic
  7947 | D:7      | Reached XP level 10. HP: 59/59 MP: 11/20
  8743 | D:8      | Found a bloodstained altar of Trog.
  8874 | D:8      | Found a white marble altar of Elyvilon.
  8976 | D:8      | Reached ** piety under Sif Muna
  9239 | D:8      | Reached skill level 11 in Earth Magic
  9481 | D:8      | Found a staircase to the Lair.
  9481 | D:8      | Noticed an elephant
  9486 | D:8      | Killed an elephant
  9744 | D:9      | Reached XP level 11. HP: 54/63 MP: 13/23
 10000 | D:9      | Reached skill level 10 in Conjurations
 10082 | D:9      | Reached *** piety under Sif Muna
 10330 | D:9      | Reached skill level 12 in Earth Magic
 10456 | D:9      | Found a staircase to the Orcish Mines.
 10598 | D:9      | Found a burning altar of Makhleb.
 10598 | D:9      | Noticed a blizzard demon
 10637 | D:9      | Reached skill level 1 in Evocations
 11087 | D:10     | Entered Level 10 of the Dungeon
 11387 | D:10     | Noticed a two-headed ogre
 11405 | D:10     | Reached skill level 1 in Shields
 11413 | D:10     | Killed a two-headed ogre
 11572 | D:10     | Found Peqoucuo's Assorted Antiques.
 11839 | D:10     | Reached skill level 1 in Invocations
 11935 | D:10     | Noticed a tengu warrior
 11978 | D:10     | Killed a tengu warrior
 12497 | D:10     | Noticed an eight-headed hydra
 12509 | D:10     | Killed an eight-headed hydra
 12567 | D:10     | Noticed an arcanist
 12610 | D:10     | Killed an arcanist
 12613 | D:10     | Reached XP level 12. HP: 68/68 MP: 10/25
 12759 | D:10     | Reached **** piety under Sif Muna
 13595 | D:11     | Found Toagumuc's Weapon Shop.
 14183 | D:11     | Reached skill level 5 in Shields
 14825 | D:12     | Reached skill level 5 in Invocations
 15026 | D:12     | Noticed a two-headed ogre
 15038 | D:12     | Killed a two-headed ogre
 15492 | D:12     | Learned a level 4 spell: Petrify
 15504 | D:13     | Noticed a centaur warrior
 15510 | D:13     | Killed a centaur warrior
 15511 | D:13     | Reached skill level 13 in Earth Magic
 15661 | D:13     | Found a runed translucent gate.
 15662 | D:13     | Found a runed translucent gate.
 15662 | D:13     | Noticed an azure jelly
 15662 | D:13     | Noticed an acid blob
 15663 | D:13     | Found a runed translucent gate.
 15663 | D:13     | Noticed an azure jelly
 15664 | D:13     | Noticed an acid blob
 15664 | D:13     | Noticed an azure jelly
 15664 | D:13     | Noticed an azure jelly
 15664 | D:13     | Noticed Zuneoj's ghost (journeyman TrCK)
 15664 | D:13     | Noticed an acid blob
 15664 | D:13     | Noticed an acid blob
 15666 | D:13     | Noticed a quicksilver ooze
 15667 | D:13     | Noticed an acid blob
 15915 | D:13     | Identified the +3 robe of Gozag's Whim {-Tele Dex+3}
 15931 | D:13     | Reached skill level 1 in Alchemy
 15937 | D:13     | Noticed a two-headed ogre
 15946 | D:13     | Killed a two-headed ogre
 15947 | D:13     | Noticed a two-headed ogre
 15952 | D:13     | Killed a two-headed ogre
 16065 | D:13     | Found a viscous altar of Jiyva.
 16088 | D:13     | Found a portal to a secret trove of treasure.
 16163 | D:13     | Noticed a boulder beetle
 16202 | D:13     | Killed a boulder beetle
 16203 | D:13     | Reached skill level 10 in Spellcasting
 16340 | D:13     | Noticed a centaur warrior
 16351 | D:13     | Noticed a two-headed ogre
 16355 | D:13     | Killed a two-headed ogre
 16356 | D:13     | Reached skill level 5 in Evocations
 16356 | D:13     | Reached XP level 13. HP: 61/72 MP: 17/27
 16576 | D:13     | Noticed Azrael
 17118 | D:14     | Reached skill level 14 in Earth Magic
 17878 | D:13     | Killed Azrael
 18184 | D:13     | Found a gate to the Vaults.
 19452 | D:14     | Found an opulent altar of Gozag.
 19547 | D:14     | Acquired the staff of Indignation {Conj Necro}
 19996 | D:14     | Reached skill level 15 in Earth Magic
 20793 | D:14     | Found an opulent altar of Gozag.
 20912 | D:15     | Entered Level 15 of the Dungeon
 21035 | D:15     | Gained mutation: Your large and strong wings let you fly.
                  | [Gargoyle growth]
 21035 | D:15     | Reached XP level 14. HP: 58/78 MP: 13/29
 21128 | D:15     | Noticed Louise
 21648 | D:15     | Noticed Josephine
 21683 | D:15     | Killed Josephine
 21685 | Abyss:3  | Cast into level 3 of the Abyss (an occultist)
 21691 | Abyss:3  | Found a corrupted altar of Lugonu.
 21724 | Abyss:3  | Learned a level 2 spell: Blink
 21731 | Abyss:3  | Learned a level 6 spell: Summon Cactus Giant
 21758 | Abyss:3  | Found a corrupted altar of Lugonu.
 21766 | Abyss:3  | Noticed a tentacled starspawn
 21766 | Abyss:3  | Noticed a tentacled starspawn
 21770 | Abyss:3  | Noticed a bone dragon
 21779 | Abyss:3  | Noticed a tentacled starspawn
 21782 | Abyss:3  | Noticed a starflower
 21848 | Abyss:3  | Noticed a starcursed mass
 21888 | Abyss:3  | Noticed a tentacled starspawn
 21888 | Abyss:3  | Noticed a tentacled starspawn
 21928 | Abyss:3  | Noticed a lich
 21957 | Abyss:3  | Found a shimmering blue altar of Sif Muna.
 21983 | Abyss:3  | Noticed a starcursed mass
 21983 | Abyss:3  | Noticed a tentacled starspawn
 22007 | Abyss:3  | Noticed a tentacled starspawn
 22031 | Abyss:3  | Noticed a cacodemon
 22032 | Abyss:3  | Gained mutation: You are frail. (-10% HP) [a cacodemon]
 22044 | Abyss:3  | Gained mutation: You are vulnerable to cold. (rC-) [a
                  | cacodemon]
 22046 | Abyss:3  | Killed a cacodemon
 22047 | Abyss:3  | Reached skill level 1 in Translocations
 22057 | Abyss:3  | Slain by a tentacled starspawn

Illustrated notes

Levels and vault maps discovered:
D:1:      dpeg_arrival_chambers_temple_mockup, layout_loops_ring,
          grunt_decor_mini_mirrors
D:2:      layout_basic, corexii_corridor_pit, uniq_crazy_yiuf_cottage
D:3:      layout_rooms, minmay_fractal_squares_5
D:4:      layout_basic, kennysheep_mini_moat, uniq_natasha, uniq_menkaure,
          uniq_grinder
D:5:      layout_cave_pools, nicolae_ru_sacrificial_ziggurat, tso_oasis_becter,
          gammafunk_temple_overflow_wave, nicolae_temple_entry_ecumenical,
          kennysheep_cross_bottleneck, minmay_starry_boxes
D:6:      layout_basic, old_standard_altar, serial_shops, shop, sword_in_stone
D:7:      layout_basic, serial_shops, shop, uniq_pikel
D:8:      layout_gridville, lemuel_round_altar, elyvilon_altar_4,
          grunt_lair_entry_orc_guard_hut, nicolae_figureground_sparkle
D:9:      layout_long_grid, makhleb_altar_promises_db, david_orc_1_choice,
          kennysheep_crisscross
D:10:     minmay_quarter_circles, layout_loops_corners, serial_shops,
          nicolae_diamond_shop
D:11:     layout_roguey, serial_shops, nicolae_stop_n_shop_2
D:12:     layout_roguey, nicolae_concentric_dashed_squares_wild
D:13:     layout_basic, hangedman_vaults_entry_quadrant_bands,
          gammafunk_ghost_ooze, nicolae_trove_entry_diagonal, uniq_azrael
D:14:     layout_irregular_city, grunt_gozag_breadcrumbs
D:15:     grunt_enter_depths_hoard, layout_loops_ring, hangedman_decor_lopped,
          palyth_stone_intersect, uniq_josephine, uniq_louise
Temple:   hellmonk_temple_forest_ring
Abyss:3:  base: D:5, minivault_5, lemuel_flamethrower_3, hangedman_cross_veins,
          spicy_pingpong_abyss_rune, onia_ninara_dug_in_and_dangerous,
          nicolae_abyss_rune_left_handed, nicolae_abyss_rune_star_stuff

Skill      XL: |  1  2  3  4  5  6  7  8  9 10 11 12 13 14 |
---------------+-------------------------------------------+-----
Earth Magic    | 4 5 6 7 8 10 11 12 13 15 | 15.0
Conjurations   | 2 3 4 6 8 9 10 11 13 | 13.2
Spellcasting   | 3 4 5 7 8 9 10 11 | 11.6
Fighting       | 1 2 3 5 6 |  6.0
Evocations     | 3 5 |  5.0
Shields        | 4 5 |  5.0
Invocations    | 3 6 |  6.0
Alchemy        | 2 |  2.0
Dodging        | 2 3 |  3.8
Translocations | 1 |  1.4
Stealth        | |  2.1

Action                     |  1- 3 |  4- 6 |  7- 9 | 10-12 | 13-15 || total
---------------------------+-------+-------+-------+-------+-------++-------
  Melee: Unarmed           |    17 |       |       |       |       ||    17
         Whip              |    10 |       |    21 |       |       ||    31
         Short sword       |       |    35 |       |       |       ||    35
         Flail             |       |    50 |     3 |       |       ||    53
         Punch             |       |     1 |       |       |       ||     1
         Dagger            |       |       |     8 |    54 |     6 ||    68
         Long sword        |       |       |    16 |    20 |       ||    36
         Staff             |       |       |       |       |     1 ||     1
  Throw: Dart              |       |       |       |     3 |       ||     3
   Cast: Sandblast         |    46 |    52 |   121 |   153 |       ||   372
         Brom's Barrelling |       |     1 |     9 |    53 |    21 ||    84
         Stone Arrow       |       |       |       |   128 |   189 ||   317
         Passwall          |       |       |       |       |     2 ||     2
         Blink             |       |       |       |       |     1 ||     1
 Invoke: Channel Magic     |       |       |       |       |     1 ||     1
  Evoke: Wand              |       |       |       |    19 |    11 ||    30
    Use: Scroll            |       |       |     6 |     5 |    18 ||    29
         Potion            |       |       |       |     2 |     9 ||    11
   Stab: Sleeping          |       |     3 |       |     1 |       ||     4
 Armour: Robe              |    21 |    82 |    47 |   142 |    88 ||   380
         Skin              |       |       |       |       |    13 ||    13
  Dodge: Dodged            |    49 |    85 |    90 |   270 |   134 ||   628
  Block: Buckler           |       |       |       |    52 |    26 ||    78
